 Dungeon Crawl Stone Soup version 0.28.0-45-g0d030f2227 (webtiles) character file.

Game seed: 3204301905886127518

45 Cykl0x the Digger (level 3, -3/19 HPs)
             Began as a Gargoyle Earth Elementalist on Mar 31, 2022.
             Slain by a gnoll
             ... wielding a +0 whip
              (4 damage)
             ... on level 2 of the Dungeon.
             The game lasted 00:02:11 (846 turns).

Cykl0x the Digger (Gargoyle Earth Elementalist)      Turns: 846, Time: 00:02:12

Health: -3/19      AC:  6    Str: 11    XL:     3   Next: 64%
Magic:  1/6        EV: 11    Int: 17    God:
Gold:   46         SH:  0    Dex: 10    Spells: 2/6 levels left

rFire   . . .      SeeInvis .   f - staff of cold
rCold   + . .      Faith    .   (no shield)
rNeg    + . .      Spirit   .   b - +0 robe
rPois   ∞          Reflect  .   (no helmet)
rElec   +          Harm     .   (no cloak)
rCorr   .          Rampage  .   (no gloves)
Will    .....                   a - +0 pair of boots
Stlth   ++........              (no amulet)
HPRegen 0.06/turn               (no ring)
MPRegen 0.10/turn               (no ring)

@: slowed, very slow
A: sickness immunity, AC +3, negative energy resistance 1, electricity
resistance, torment resistance 1, petrification resistance
a: no special abilities


You were on level 2 of the Dungeon.
You visited 1 branch of the dungeon, and saw 2 of its levels.

You collected 46 gold pieces.

Inventory:

Missiles
 c - 18 stones
Armour
 a - a +0 pair of boots (worn)
 b - a +0 robe (worn)
 h - the +7 scale mail of Leaves {+Inv}
   (You found it on level 2 of the Dungeon)

   +Inv:      It lets you turn invisible.
Magical Staves
 f - a staff of cold (weapon)
Scrolls
 g - a scroll of identify {unknown}
Potions
 d - a potion of attraction {unknown}
 e - a potion of degeneration {unknown}


   Skills:
 + Level 1.5 Dodging
 + Level 2.2 Stealth
 + Level 2.4 Spellcasting
 + Level 0.7 Transmutations
 + Level 5.0 Earth Magic


You had 2 spell levels left.
You knew the following spells:

 Your Spells              Type           Power      Damage    Failure   Level
a - Sandblast             Erth           38%        2d10      2%          1
b - Stone Arrow           Conj/Erth      20%        3d8       21%         3

Your spell library contained the following spells:

 Spells                   Type           Power      Damage    Failure   Level
 Passwall                 Tmut/Erth      9%         N/A       9%          2
 Petrify                  Tmut/Erth      11%        N/A       50%         4


Dungeon Overview and Level Annotations

Branches:
Dungeon (2/15)

Altars:

Annotations:
D:2 Natasha


Innate Abilities, Weirdness & Mutations

You are immune to sickness and miasma.
Your stone body is resilient. (AC +3)
You are immune to poison.
You resist negative energy. (rN+)
You are resistant to electric shocks. (rElec)
You are resistant to unholy torment.
You are immune to petrification.


Message History

Casting: Sandblast (safe; 2% risk of failure)
Confirm with . or Enter, or press ? or * to list all spells.
You don't know that spell.
Unknown command.
You hear an angry hiss.
Natasha casts a spell.
The gnoll throws a throwing net.
The throwing net closely misses you.
The gnoll drinks a potion.
The gnoll seems to speed up.
You hear a shout!
You see here a throwing net.
The gnoll misses you. The gnoll hits you but does no damage.
The blast of sand hits the gnoll.
The gnoll is moderately wounded.
The gnoll hits you with a +0 club. The gnoll barely misses you.
The blast of sand hits the gnoll!
You kill the gnoll!
Your Earth Magic skill increases to level 5!
The blast of sand hits the gnoll!
The gnoll is severely wounded.
The gnoll closely misses you.
Natasha extends her claws.
Natasha mumbles some strange words.
The gnoll barely misses you.
The blast of sand hits the gnoll but does no damage.
The gnoll is severely wounded.
Natasha claws you but does no damage. The gnoll hits you with a +0 whip.
Natasha misses you.
The blast of sand hits the gnoll.
The gnoll is severely wounded.
The gnoll hits you with a +0 whip.
Natasha mumbles some strange words.
The gnoll hits you with a +0 whip.
You hit the gnoll but do no damage.
The gnoll is severely wounded.
Natasha claws you!
* * * LOW HITPOINT WARNING * * *
The gnoll closely misses you.
The crimson imp hits you but does no damage.
Natasha barely misses you. The gnoll hits you with a +0 whip.
You die...

........... #..........
.....h>... .†.g..... #.....#. .
#.# ..# .. # ##.# #.##### ..#
#.###..####≈#≈≈.## ...##
#.5@g5#≈##≈≈#≈..≈# # ...
########h.#≈#≈≈..≈≈.≈#
#..#)#####.........#..≈≈≈.≈≈≈≈##
#..............#.##≈≈≈.≈≈≈.≈≈.#
###.###............≈≈†≈..≈≈≈≈.#
#...>.........###≈≈.≈.≈≈♣...#
#####.........###≈≈..≈......#
#................≈...≈≈.#
#.........###.≈..≈≈≈....#


You could see Natasha, a gnoll, a crimson imp (summoned) and a white imp
(summoned).

Vanquished Creatures
  A gnoll (D:2)
  2 adders (D:2)
  A dart slug (D:1)
  An endoplasm (D:1)
  A giant cockroach (D:1)
  A goblin (D:1)
  A hobgoblin (D:1)
  A kobold (D:1)
  2 ball pythons (D:1)
  3 bats
  A frilled lizard (D:1)
  3 rats
18 creatures vanquished.

Notes
Turn   | Place    | Note
-------+----------+-------------------------------------------
     0 | D:1      | Cykl0x the Gargoyle Earth Elementalist began the quest for
                  | the Orb.
     0 | D:1      | Reached XP level 1. HP: 10/10 MP: 3/3
   111 | D:1      | Reached skill level 4 in Earth Magic
   138 | D:1      | Reached XP level 2. HP: 15/15 MP: 3/5
   160 | D:1      | Found a faded altar of an unknown god.
   773 | D:2      | Reached XP level 3. HP: 16/19 MP: 2/6
   777 | D:2      | Learned a level 3 spell: Stone Arrow
   789 | D:2      | Identified the +7 scale mail of Leaves {+Inv}
   832 | D:2      | Noticed Natasha
   843 | D:2      | Reached skill level 5 in Earth Magic
   846 | D:2      | Slain by a gnoll

Illustrated notes

Levels and vault maps discovered:
D:1:      dpeg_arrival_round_b, layout_rooms, dreamdust_ecumenical_altar_grove,
          kennysheep_boxes
D:2:      layout_rooms, chequers_serial_rivers_marsh, uniq_natasha

Skill      XL: |  1  2  3 |
---------------+----------+-----
Earth Magic    | 4 5 |  5.0
Dodging        | |  1.5
Stealth        | |  2.2
Spellcasting   | |  2.4
Transmutations | |  0.7

Action                   || total
-------------------------++-------
Melee: Staff             ||     1
 Cast: Sandblast         ||    31
Armor: Robe              ||     8
Dodge: Dodged            ||    10
